Map: [TLMC15] Glittering Ashes

Players

Maru - Winner!

  • Race: Terran Terran

Rogue

  • Race: Zerg Zerg

Event: DreamHack SC2 Masters 2021 Winter

VOD

Have the link to the VOD?

Description

Time

  • Played on: Nov. 14, 2021, 12:08 p.m.
  • Length: 14:31

All games in this series

Show
View Real Time Build Order
Export as new Build Order

Maru Terran - Winner!

Build Orders: Gas First Reaper Expand, Hellion Banshee 

Get SALT Encoding   

  12  0:00  SCV  
  13  0:12  SCV  
  14  0:17  Supply Depot  
  14  0:24  SCV  
  14  0:27  Refinery  
  15  0:38  SCV  
  16  0:43  Barracks  
  16  0:50  SCV  
  17  1:02  SCV  
  18  1:14  SCV  
  19  1:30  Reaper, Orbital Command  
  20  1:41  Command Center  
  20  1:53  Factory  
  20  1:56  SCV  
  21  2:05  Barracks Reactor  
  21  2:08  SCV  
  22  2:11  Supply Depot  
  22  2:18  Refinery  
  22  2:20  SCV  
  23  2:33  SCV  
  24  2:42  Starport  
  24  2:45  SCV  
  24  2:47  Hellion  
  24  2:48  Hellion  
  29  2:52  Orbital Command  
  29  2:54  Barracks Tech Lab  
  29  2:57  SCV  
  30  3:09  Hellion x2  
  30  3:10  SCV  
  35  3:20  SCV  
  35  3:22  SCV  
  35  3:26  Banshee  
  40  3:29  Cloaking Field  
  40  3:31  Marine  
  40  3:32  Supply Depot  
  41  3:38  SCV  
  41  3:39  SCV  
  43  3:50  SCV  
  43  3:51  Barracks Tech Lab, SCV  
  45  4:00  Hellion x2  
  45  4:02  SCV  
  45  4:03  SCV  
  45  4:09  Banshee  
  45  4:14  SCV  
  45  4:15  SCV  
  47  4:17  Command Center  
  47  4:19  Marine  
  48  4:25  Stimpack  
  48  4:26  Supply Depot  
  48  4:27  SCV x2  
  50  4:39  SCV  
  50  4:41  Factory Reactor  
  50  4:42  Barracks  
  50  4:44  SCV  
  52  4:45  Barracks  
  52  4:51  SCV  
  53  4:53  Engineering Bay  
  53  4:56  SCV, Engineering Bay  
  53  4:59  Marine  
  55  5:03  SCV  
  55  5:04  Starport Reactor  
  56  5:08  SCV  
  57  5:14  Refinery  
  57  5:15  SCV  
  57  5:20  SCV  
  59  5:21  Terran Infantry Weapons Level 1  
  59  5:22  Terran Infantry Armor Level 1  
  59  5:27  SCV, Factory Reactor  
  60  5:30  Barracks  
  60  5:31  Barracks  
  60  5:32  SCV  
  60  5:35  Marine x3  
  61  5:36  SCV  
  65  5:43  Marine x2  
  65  5:45  Medivac  
  65  5:47  SCV  
  70  5:53  Supply Depot x2, Marine x2  
  70  5:55  Marine  
  70  5:56  Medivac, Refinery  
  75  5:58  SCV  
  75  6:01  Marine  
  77  6:08  Combat Shield  
  77  6:10  Supply Depot  
  77  6:14  Widow Mine x2, SCV x2, Marine  
  77  6:15  Orbital Command  
  77  6:18  Supply Depot, Barracks Reactor x2  
  84  6:24  Marine x2  
  84  6:25  Marine  
  87  6:26  SCV x2  
  87  6:27  Medivac  
  87  6:31  Marine  
  87  6:32  Marine  
  93  6:38  SCV x2  
  95  6:42  Widow Mine x2, Marine x3  
  95  6:43  SCV  
  103  6:48  Marine  
  103  6:50  SCV x2  
  103  6:51  Missile Turret x2  
  103  6:53  Missile Turret  
  106  6:55  Supply Depot  
  106  6:56  SCV  
  106  6:57  Marine x2  
  106  6:58  Marine  
  110  7:06  SCV x2, Armory  
  110  7:08  SCV, Marine x2  
  115  7:15  Marine x2  
  117  7:17  Marine x4  
  117  7:18  SCV  
  117  7:22  Supply Depot  
  122  7:25  Medivac  
  124  7:31  Factory  
  124  7:35  Supply Depot  
  124  7:37  Marine x3  
  124  7:38  Widow Mine x2, Medivac  
  124  7:44  SCV, Marine x4  
  138  7:45  SCV x2, Marine  
  138  7:47  Supply Depot  
  138  7:48  Marine  
  135  7:55  Marine x3  
  137  8:01  Marine x4  
  137  8:03  Marine  
  136  8:06  SCV  
  136  8:07  SCV x2  
  136  8:09  Marine  
  136  8:10  Terran Infantry Weapons Level 2  
  133  8:13  Marine x2  
  133  8:18  SCV  
  133  8:19  SCV x2  
  134  8:22  Terran Infantry Armor Level 2  
  134  8:27  Widow Mine x2, Drilling Claws  
  134  8:28  Widow Mine, Marine x2  
  134  8:30  SCV  
  143  8:38  Marine x3  
  143  8:41  Medivac x2  
  143  8:47  Marine x2  
  143  8:48  Marine  
  134  8:49  Widow Mine  
  134  8:50  SCV  
  134  8:55  Marine x2  
  139  8:57  Command Center  
  139  8:59  SCV, Marine  
  139  9:01  Widow Mine  
  138  9:03  Marine  
  138  9:04  Marauder, SCV  
  138  9:08  SCV  
  143  9:11  Medivac x2  
  133  9:18  SCV  
  133  9:19  Marine  
  133  9:20  Marine  
  133  9:22  Widow Mine x2  
  133  9:23  Widow Mine  
  133  9:24  Marine x4  
  143  9:25  Marauder  
  148  9:32  SCV  
  149  9:41  SCV  
  149  9:42  Medivac x2  
  149  9:43  Widow Mine, SCV  
  136  9:47  Marine x3  
  136  9:48  Marauder, Marine x3  
  136  9:50  Widow Mine  
  133  9:57  Marine x2  
  135  10:02  Barracks  
  135  10:04  Widow Mine  
  135  10:05  Marine x3  
  139  10:08  Refinery  
  139  10:09  Barracks  
  139  10:10  Barracks  
  137  10:15  Marauder, Marine x2  
  137  10:16  Marine  
  136  10:21  Marine  
  136  10:24  Marine x2  
  136  10:26  SCV x3  
  136  10:27  Sensor Tower  
  141  10:28  Terran Infantry Weapons Level 3  
  141  10:38  SCV x2  
  141  10:39  Marine  
  141  10:40  Marauder, Marine x2  
  141  10:41  Marine x3  
  141  10:42  Marine  
  152  10:48  Terran Infantry Armor Level 3  
  150  10:54  Supply Depot  
  150  10:58  Marine x2  
  150  10:59  Marine x3  
  150  11:02  Planetary Fortress  
  155  11:05  Missile Turret x2, Thor  
  155  11:06  Barracks Tech Lab x3  
  155  11:08  Missile Turret  
  155  11:17  Supply Depot  
  155  11:18  SCV  
  155  11:20  Missile Turret, Sensor Tower  
  155  11:21  Marine x2  
  155  11:22  Marauder  
  155  11:25  SCV x2  
  154  11:30  SCV  
  154  11:32  Widow Mine x2  
  153  11:35  Marine  
  153  11:36  Marine  
  153  11:37  SCV x2  
  153  11:38  Marine x2  
  153  11:39  Concussive Shells  
  153  11:42  SCV  
  154  11:49  SCV x2  
  154  11:51  Terran Vehicle And Ship Armor Level 1  
  154  11:53  Marauder x2  
  166  11:55  Marauder  
  168  12:03  Marauder, Marine  
  168  12:05  Thor  
  168  12:07  Marine x2  
  173  12:10  Supply Depot  
  173  12:12  Medivac  
  173  12:13  Supply Depot, Medivac  
  173  12:14  Marauder  
  179  12:22  Marine  
  180  12:29  Command Center  
  180  12:32  Marauder  
  184  12:37  Marauder  
  180  12:55  Marauder x3, Marine  
  180  12:56  Missile Turret  
  189  12:58  Marauder, Missile Turret  
  189  12:59  Missile Turret, Medivac x2  
  189  13:01  Widow Mine  
  195  13:06  Command Center  
  195  13:11  Marine  
  196  13:24  Supply Depot  
  196  13:28  Widow Mine  
  196  13:31  Marauder, Marine x2  
  196  13:33  Marauder x2, Marine x3  
  195  13:34  Marauder  
  195  13:35  Marine x3  
  189  13:45  Widow Mine  
  190  13:49  Marine x2  
  190  13:51  Marine x3  
  190  13:52  Marauder  
  190  13:53  Marine  
  190  13:54  Marauder  
  199  13:58  Marine x4  
  185  14:04  SCV  
  185  14:07  Marine x2  
  185  14:09  Marine  
  185  14:12  Marine x3  
Show
View Real Time Build Order
Export as new Build Order

Rogue Zerg 

Build Orders: Hatch First 

Get SALT Encoding   

  12  0:00  Drone  
  13  0:12  Overlord  
  13  0:17  Drone  
  14  0:31  Drone x2  
  16  0:48  Hatchery  
  15  0:51  Drone  
  15  0:54  Drone  
  17  0:59  Drone  
  18  1:09  Extractor  
  17  1:15  Spawning Pool  
  17  1:18  Drone  
  17  1:20  Drone  
  18  1:28  Drone  
  19  1:39  Drone  
  20  1:49  Drone  
  21  2:01  Queen x2  
  21  2:02  Zergling x4  
  27  2:11  Zergling x2  
  27  2:12  Overlord  
  28  2:24  Hatchery  
  28  2:26  Drone  
  28  2:33  Drone x2  
  30  2:37  Drone  
  30  2:42  Queen  
  33  2:46  Metabolic Boost  
  33  2:52  Overlord  
  33  2:55  Drone  
  33  2:56  Drone  
  35  2:59  Drone  
  36  3:12  Drone x5  
  41  3:18  Overlord  
  41  3:20  Queen  
  41  3:23  Drone  
  44  3:36  Queen  
  44  3:37  Overlord  
  44  3:40  Drone x4  
  50  3:44  Queen  
  52  3:50  Zergling x6  
  52  3:54  Drone  
  55  3:56  Drone  
  55  4:00  Drone  
  52  4:05  Drone x3  
  52  4:08  Drone x2  
  55  4:12  Drone  
  56  4:17  Drone x4  
  56  4:21  Overlord  
  60  4:27  Spore Crawler  
  60  4:29  Drone, Spore Crawler  
  60  4:30  Drone  
  60  4:33  Spore Crawler  
  60  4:37  Lair  
  59  4:39  Extractor  
  59  4:41  Drone  
  59  4:42  Drone x2  
  59  4:43  Drone  
  62  4:48  Drone  
  62  4:52  Drone x5  
  68  4:54  Drone  
  68  4:56  Drone x2  
  70  5:02  Spore Crawler  
  70  5:04  Drone x3  
  70  5:06  Drone  
  73  5:10  Drone  
  73  5:11  Drone  
  72  5:14  Drone  
  72  5:16  Drone, Extractor  
  72  5:17  Extractor  
  72  5:18  Extractor x2  
  70  5:24  Drone x3  
  70  5:25  Overlord x3  
  73  5:30  Baneling Nest  
  71  5:36  Spire  
  71  5:39  Drone x3  
  71  5:40  Drone, Overlord  
  73  5:46  Drone x3  
  76  5:50  Drone x3  
  76  5:51  Drone x2  
  81  6:03  Drone  
  82  6:05  Drone x2  
  82  6:07  Drone x2  
  84  6:11  Hatchery  
  84  6:13  Zergling x10  
  84  6:14  Zergling x2  
  89  6:22  Overlord  
  89  6:25  Drone  
  90  6:26  Zergling x8  
  90  6:28  Centrifugal Hooks  
  91  6:42  Drone x3  
  91  6:43  Drone x3  
  96  6:55  Mutalisk x8  
  112  7:01  Mutalisk  
  112  7:04  Overlord  
  112  7:05  Zerg Flyer Weapons Level 1  
  112  7:06  Evolution Chamber x2  
  112  7:08  Overlord  
  112  7:09  Overlord  
  112  7:10  Zergling x4  
  112  7:14  Overlord  
  114  7:17  Overlord x2  
  113  7:25  Overseer  
  113  7:28  Zergling x10  
  113  7:29  Baneling x2  
  118  7:31  Mutalisk x2  
  118  7:32  Mutalisk  
  118  7:35  Baneling x2  
  123  7:38  Zergling x4  
  123  7:40  Zergling x4  
  123  7:42  Zergling x4  
  129  7:45  Hatchery  
  129  7:48  Zergling x8  
  129  7:49  Zergling x2  
  129  7:50  Baneling x2  
  129  7:51  Baneling x3  
  130  7:56  Zergling x2  
  130  7:57  Zergling x10  
  133  8:00  Zergling x2  
  125  8:10  Mutalisk  
  125  8:11  Mutalisk x4  
  125  8:12  Zergling x4  
  126  8:15  Zergling x4  
  123  8:22  Mutalisk  
  123  8:23  Mutalisk  
  123  8:24  Zergling x2  
  128  8:31  Baneling  
  128  8:32  Baneling x6  
  128  8:33  Zergling x4  
  128  8:34  Overlord x4  
  130  8:39  Baneling  
  130  8:40  Baneling x2  
  128  8:46  Zergling x2  
  122  8:48  Zerg Ground Armor Level 1, Overlord  
  122  8:53  Zergling x4, Zerg Melee Weapons Level 1  
  122  8:54  Zergling x12  
  129  8:56  Baneling  
  129  8:57  Baneling x2  
  129  8:58  Zergling x2  
  129  9:01  Zergling x2  
  127  9:05  Zergling x4  
  127  9:07  Zergling x2  
  127  9:09  Zergling x2  
  131  9:11  Zergling x2  
  131  9:13  Zergling x2  
  131  9:15  Zergling x2  
  131  9:16  Baneling x4  
  131  9:17  Baneling x9  
  128  9:19  Overseer, Zergling x8  
  128  9:24  Zergling x6  
  135  9:25  Baneling  
  135  9:28  Zergling x2  
  135  9:29  Baneling  
  135  9:30  Baneling x3  
  136  9:35  Zergling x2  
  136  9:37  Zergling x6  
  140  9:42  Zergling x2  
  140  9:43  Zergling x2  
  130  9:46  Mutalisk x2  
  130  9:51  Mutalisk  
  136  9:54  Zergling x2  
  136  9:55  Zergling x8  
  141  10:00  Zergling x2  
  141  10:02  Zergling x4  
  141  10:06  Zergling x2  
  142  10:09  Zerg Flyer Weapons Level 2  
  142  10:10  Hatchery, Zergling x2  
  142  10:12  Zergling x4  
  136  10:23  Mutalisk x2  
  136  10:24  Mutalisk x2  
  136  10:27  Drone  
  136  10:28  Drone x4  
  147  10:29  Extractor  
  147  10:33  Pneumatized Carapace  
  146  10:35  Zergling x2  
  146  10:36  Zergling x2  
  146  10:38  Zergling x2  
  146  10:39  Baneling x5  
  146  10:40  Zergling x2  
  150  10:50  Zerg Ground Armor Level 2  
  150  10:52  Drone x2, Overlord x2  
  150  10:54  Overlord x2  
  150  10:55  Overseer  
  152  10:59  Overlord  
  151  11:07  Zerg Melee Weapons Level 2  
  151  11:10  Drone  
  152  11:11  Drone  
  152  11:12  Drone x12  
  152  11:17  Zergling x4  
  167  11:18  Zergling x2  
  167  11:20  Zergling x2  
  167  11:21  Zergling x8  
  167  11:22  Zergling x2  
  168  11:28  Zergling x2  
  168  11:32  Infestation Pit  
  160  11:33  Zergling x2  
  160  11:34  Zergling x2  
  160  11:38  Zergling x14  
  168  11:43  Overseer  
  168  11:44  Overseer x3  
  168  11:46  Drone x3  
  171  11:52  Baneling x9  
  171  11:56  Zergling x12  
  171  11:58  Hatchery  
  175  12:02  Zergling x2  
  175  12:03  Zergling x10  
  180  12:09  Hive  
  180  12:19  Zergling x8  
  180  12:22  Zergling x10  
  189  12:26  Overlord  
  189  12:29  Baneling x5  
  189  12:30  Baneling x10  
  189  12:34  Hatchery, Burrow  
  188  12:39  Zergling x2  
  188  12:42  Zergling x2  
  188  12:43  Zergling x4, Overlord  
  190  12:45  Hatchery, Zergling x2  
  190  12:55  Zergling x20  
  198  13:03  Zergling x2  
  199  13:10  Zergling x2  
  200  13:20  Baneling  
  200  13:21  Baneling x23  
  200  13:22  Baneling x8  
  199  13:27  Ultralisk Cavern  
  199  13:33  Zergling x18  
  199  13:34  Zergling x6  
  181  13:37  Zergling x16  
  181  13:39  Zergling x2  
  181  13:41  Zergling x8  
  171  13:42  Zergling x2  
  171  13:46  Zergling x4  
  168  13:53  Baneling x2, Zergling x8  
  168  13:54  Zergling x10  
  175  14:00  Baneling  
  175  14:01  Baneling x13  
  153  14:05  Zergling x10  
  153  14:06  Zergling x2  
  153  14:07  Zergling x2  

Tags
 
Add a new tag
Caveats
  • Supply blocks, unpowered buildings, or Contaminate may cause inaccurate times.
  • Supply counts are checked every 10 seconds.